 Dungeon Crawl Stone Soup version 0.22-a0-433-gd2a9cce (webtiles) character file.

564 CanOfBees the Slasher (level 7, -5/44 HPs)
             Began as a Tengu Berserker on May 28, 2018.
             Was a Priest of Trog.
             Killed by divine providence
             ... invoked by an orc priest
              (14 damage)
             ... on level 4 of the Dungeon.
             The game lasted 00:07:12 (4339 turns).

CanOfBees the Slasher (Tengu Berserker)             Turns: 4339, Time: 00:07:12

Health: -5/44      AC:  8    Str: 18    XL:     7   Next: 32%
Magic:  8/8        EV: 12    Int:  7    God:    Trog [***...]
Gold:   117        SH:  0    Dex: 15    Spells: 6/6 levels left

rFire    . . .     SeeInvis .   a - +0 long sword
rCold    . . .     Gourm    .   (no shield)
rNeg     + . .     Faith    .   k - +1 scale mail
rPois    .         Spirit   .   (helmet restricted)
rElec    .         Reflect  .   g - +0 cloak
rCorr    .         Harm     .   (no gloves)
MR       ++...                  (boots unavailable)
Stlth    ..........             (no amulet)
HPRegen  1.14/turn              o - ring of positive energy
MPRegen  0.11/turn              (no ring)

@: lethally poisoned (-5 -> -5), regenerating
A: beak, talons 3, able to fly 1
a: Fly, Berserk, Trog's Hand, Renounce Religion


You were on level 4 of the Dungeon.
You worshipped Trog.
Trog was most pleased with you.
You were hungry.

You visited 1 branch of the dungeon, and saw 4 of its levels.

You collected 117 gold pieces.

Inventory:

Hand Weapons
 a - a +0 long sword (weapon)
Armour
 g - a +0 cloak (worn)
 k - a +1 scale mail (worn)
Jewellery
 e - an uncursed ring of ice
 o - a ring of positive energy (left hand)
Wands
 f - a wand of enslavement (10)
Scrolls
 i - a scroll of remove curse
 l - a scroll of random uselessness {unknown}
 n - 2 scrolls of teleportation
 q - 2 scrolls of fear
Potions
 b - 2 potions of might
 d - a potion of mutation
 h - a potion of haste
 j - a potion of flight {unknown}
Comestibles
 c - 11 rations


   Skills:
 + Level 5.2 Fighting
 + Level 5.7 Long Blades
 - Level 3.0 Armour
 + Level 5.0 Dodging


You had 6 spell levels left.
You didn't know any spells.
Your spell library was empty.

Dungeon Overview and Level Annotations

Branches:
Dungeon (4/15)
 Temple: D:4-7

Altars:


Innate Abilities, Weirdness & Mutations

You have a beak for a mouth.
You have claws for feet.
You can fly.


Message History

Aiming: Enslavement
Press: ? - help, Shift-Dir - straight line, f - worker ant, p - orc priest
Aim: a worker ant (heavily wounded, chance to defeat MR: 54%)
The worker ant is charmed.
You feel sick.
The orc priest calls down the wrath of Beogh upon you.
Beogh smites you!
* * * LOW HITPOINT WARNING * * *
Unknown command.
An orc comes into view. It is wielding a hand axe.
The orc shouts!
Unknown command.
You barely miss the orc priest.
You feel sick. The orc priest hits your worker ant.
Your worker ant bites the orc priest.
Unknown command.
You hit the orc priest but do no damage.
You claw the orc priest, but do no damage.
The orc priest is heavily wounded.
The orc priest invokes the aid of Beogh against you.
Beogh smites you!
You die...

... ...### .......##
.........!
..............##
.................#
.................# #
................@####...#
#...............aooo....#
#...............o##.....#
#...............o#..#...#
#.................# ..#
#............###.a.. #
#####..#.##### o..#
####....##.# ..#
.<...#####.. .#


You could see 2 orc priests, an orc wizard, 2 orcs and a friendly worker ant.

Vanquished Creatures
  The ghost of dreadwin the Stinger, an amateur TeVM (D:3)
  A hound (D:4)
  2 orc wizards
  A bullfrog skeleton (D:4)
  3 orc priests (D:3)
  2 worker ants (D:4)
  7 adders
  An ooze (D:3)
  A worm (D:3)
  A dart slug (D:3)
  3 leopard geckos (D:2)
  6 orcs
  2 ball pythons
  5 giant cockroaches
  11 hobgoblins
  6 jackals (D:1)
  6 kobolds
  A quokka (D:3)
  5 bats
  3 frilled lizards
  7 goblins
  12 rats
87 creatures vanquished.

Notes
Turn   | Place    | Note
-------+----------+-------------------------------------------
     0 | D:1      | CanOfBees the Tengu Berserker began the quest for the Orb.
     0 | D:1      | Reached XP level 1. HP: 14/14 MP: 2/2
   102 | D:1      | Reached XP level 2. HP: 8/19 MP: 3/3
   459 | D:1      | Reached XP level 3. HP: 23/23 MP: 4/4
   587 | D:1      | Reached ** piety under Trog
  1401 | D:2      | Reached XP level 4. HP: 28/28 MP: 5/5
  2251 | D:3      | Gained mutation: You can fly. [Tengu growth]
  2251 | D:3      | Reached XP level 5. HP: 33/33 MP: 6/6
  2853 | D:3      | Reached *** piety under Trog
  2906 | D:3      | Reached XP level 6. HP: 7/39 MP: 7/7
  3400 | D:3      | Noticed dreadwin's ghost (amateur TeVM)
  3428 | D:3      | Killed dreadwin's ghost
  3428 | D:3      | Reached skill level 5 in Long Blades
  3954 | D:4      | Reached XP level 7. HP: 41/44 MP: 8/8
  3955 | D:4      | Reached skill level 5 in Fighting
  4332 | D:4      | Reached skill level 5 in Dodging
  4339 | D:4      | Killed from afar by an orc priest

Vault maps used:
D:1:      dpeg_arrival_arbitrary_a
D:2:      cheibrodos_old_hovel
D:3:      first_ration
D:4:      minivault_14

Skill      XL: |  1  2  3  4  5  6  7 |
---------------+----------------------+-----
Armour         | 3 |  3.0
Dodging        | 3 4 5 |  5.0
Long Blades    | 4 5 |  5.7
Fighting       | 4 5 |  5.2

Action                   |  1- 3 |  4- 6 |  7- 9 || total
-------------------------+-------+-------+-------++-------
Melee: Falchion          |    60 |    50 |       ||   110
       Kick              |    15 |    36 |    10 ||    61
       Peck              |     8 |    15 |     1 ||    24
       Long sword        |       |    56 |    16 ||    72
Invok: Trog's Hand       |       |     2 |     1 ||     3
       Berserk           |       |     1 |       ||     1
 Abil: Fly               |       |     1 |       ||     1
Evoke: Wand              |       |       |     2 ||     2
  Use: Scroll            |     6 |     6 |       ||    12
       Potion            |       |     5 |       ||     5
  Eat: Chunk             |     2 |     6 |     1 ||     9
       Ration            |       |     1 |       ||     1
Armor: Animal skin       |     9 |       |       ||     9
       Scale mail        |     8 |    37 |     2 ||    47
       Ring mail         |     4 |       |       ||     4
Dodge: Dodged            |    55 |    78 |     7 ||   140
       Rpst.: Falchion   |    19 |     9 |       ||    28
       Long sword        |       |    11 |     5 ||    16

Table legend:
 A = Spawn XP
 B = Non-spawn XP
 C = Spawn XP percentage of total XP
 D = Spawn monster count
 E = Non-spawn monster count
 F = Spawn count percentage of total count
 G = Total turns spent on level
                    A         B        C        D         E        F      G
               +---------+---------+-------+---------+---------+-------+---------
         Total |       0 |     806 |   0.0 |       0 |      87 |   0.0 |  4339
               +---------+---------+-------+---------+---------+-------+---------
           D:1 |       0 |      47 |   0.0 |       0 |      30 |   0.0 |  1190
           D:2 |       0 |     105 |   0.0 |       0 |      27 |   0.0 |  1127
           D:3 |       0 |     449 |   0.0 |       0 |      23 |   0.0 |  1679
           D:4 |       0 |     205 |   0.0 |       0 |       7 |   0.0 |   343
               +---------+---------+-------+---------+---------+-------+---------
